 Dungeon Crawl Stone Soup version 0.30-a0-622-gddc90eaa04 (webtiles) character file.

Game seed: 12883759701935179084

9 Leeroy the Sneak (level 2, -3/15 HPs)
             Began as a Kobold Enchanter on Jan 10, 2023.
             Slain by a kobold
             ... wielding a +0 short sword
              (4 damage)
             ... on level 1 of the Dungeon.
             The game lasted 00:00:24 (208 turns).

Leeroy the Sneak (Kobold Enchanter)                  Turns: 208, Time: 00:00:25

Health: -3/15      AC:  2    Str:  5    XL:     2   Next: 25%
Magic:  5/5        EV: 15    Int: 16    God:
Gold:   29         SH:  0    Dex: 15    Spells: 5/5 levels left

rFire   . . .      SeeInvis .    a - +1 dagger
rCold   . . .      Faith    .    (no shield)
rNeg    . . .      Spirit   .    b - +0 robe
rPois   .          Reflect  .    (no helmet)
rElec   .          Harm     .    (no cloak)
rCorr   .          Rampage  .    (no gloves)
Will    .....                    (no boots)
Stlth   ++++                     (no amulet)
HPRegen 0.22/turn                (no ring)
MPRegen 0.09/turn                (no ring)

@: no status effects
A: small, no large weapons, nightstalker 3
a: no special abilities


You were on level 1 of the Dungeon.
You visited 1 branch of the dungeon, and saw 1 of its levels.

You collected 29 gold pieces.

Inventory:

Hand Weapons
 a - a +1 dagger (weapon)
Armour
 b - a +0 robe (worn)
Scrolls
 d - a scroll of vulnerability {unknown}
 f - a scroll of enchant armour {unknown}
Potions
 c - 3 potions of invisibility
 e - a potion of curing {unknown}


   Skills:
 - Level 1.3 Short Blades
 - Level 2.4 Dodging
 + Level 4.9 Stealth
 - Level 2.2 Spellcasting
 - Level 3.0 Hexes


You had 5 spell levels left.
You didn't know any spells.
Your spell library contained the following spells:

 Spells                   Type           Power      Damage    Failure   Level
 Ensorcelled Hibernation  Hex/Ice        12%        N/A       17%         2
 Confusing Touch          Hex            11%        N/A       17%         3
 Tukima's Dance           Hex            11%        N/A       17%         3
 Dazzling Flash           Conj/Hex       12%        N/A       32%         3


Dungeon Overview and Level Annotations

Branches:
Dungeon (1/15)

Altars:


Innate Abilities, Weirdness & Mutations

You are small and have problems with some larger weapons.
You are completely attuned to the shadows.


Message History

The jackal bites you but does no damage.
A jackal comes into view.
You barely miss the kobold.
The jackal bites you but does no damage.
The kobold misses you.
You hit the kobold but do no damage. The kobold barely misses you.
The jackal misses you.
You hit the kobold.
The kobold is heavily wounded.
The jackal bites you. The kobold completely misses you. The jackal misses you.
A jackal comes into view.
You hit the kobold but do no damage.
The kobold is heavily wounded.
The jackal bites you. The jackal closely misses you.
The kobold hits you with a +0 short sword.
The jackal barely misses you. The jackal bites you.
* * * LOW HITPOINT WARNING * * *
You are too injured to fight recklessly!
You hit the kobold but do no damage.
The kobold is heavily wounded.
The jackal closely misses you. The kobold misses you. The jackal misses you. x2
The jackal closely misses you.
You completely miss the kobold.
The kobold is heavily wounded.
The kobold closely misses you. The jackal misses you.
The jackal attacks as you move away! The jackal bites you.
* * * LOW HITPOINT WARNING * * *
The jackal attacks as you move away!
The jackal bites you but does no damage.
The kobold hits you with a +0 short sword.
* * * LOW HITPOINT WARNING * * *
The jackal attacks as you move away!
The jackal bites you but does no damage.
The kobold barely misses you.
You hit the kobold.
The kobold is severely wounded.
The jackal bites you.
* * * LOW HITPOINT WARNING * * *
The kobold hits you with a +0 short sword.
You die...

#..# ...# #
#####..##
#.#...#h..##
#...h.hh....
.#.@K#...###
....###......
...........#
##..####...# #..
#...## ###
##....#######..
#..........##.#
#.#######......
.###.#######...#.#


You could see 4 jackals and a kobold.

Vanquished Creatures
  A bat (D:1)
  3 endoplasms (D:1)
  A giant cockroach (D:1)
  2 ball pythons (D:1)
  A kobold (D:1)
8 creatures vanquished.

Notes
Turn   | Place    | Note
-------+----------+-------------------------------------------
     0 | D:1      | Leeroy the Kobold Enchanter began the quest for the Orb.
     0 | D:1      | Reached XP level 1. HP: 10/10 MP: 3/3
   129 | D:1      | Reached XP level 2. HP: 15/15 MP: 5/5
   208 | D:1      | Slain by a kobold

Illustrated notes

Levels and vault maps discovered:
D:1:      zelgadis_glass_arrival_small, layout_loops_cross,
          roderic_roman_lattice

Action                   || total
-------------------------++-------
Melee: Dagger            ||    25
 Stab: Sleeping          ||     5
Armor: Robe              ||     6
Dodge: Dodged            ||    23

Table legend: (Time is in decaauts)
 A = Elapsed time spent in this place.
 B = Non-inter-level travel time spent in this place.
 C = Inter-level travel time spent in this place.
 D = Time resting spent in this place.
 E = Time spent auto-exploring this place.
 F = Levels seen in this place.
 G = Mean time per level.
                   A        B        C        D        E       F      G
               +--------+--------+--------+--------+--------+-----+--------+
         Total |    206 |    206 |      0 |      0 |    147 |   1 |  206.0 |
       Dungeon |    206 |    206 |      0 |      0 |    147 |   1 |  206.0 |
               +--------+--------+--------+--------+--------+-----+--------+

Top non-repeatable levels by time:
     D:1: 206 daAuts
